 Dungeon Crawl Stone Soup version 0.31-a0-1589-g8f5e8aebd6 (webtiles) character file.

Game seed: 5880991718252191933

7 Laraso the Sneak (level 1, 0/18 HPs)
             Began as an Armataur Delver on Jan 5, 2024.
             Slain by an adder (4 damage)
             ... on level 2 of the Dungeon.
             The game lasted 00:01:08 (276 turns).

Laraso the Sneak (Armataur Delver)                   Turns: 276, Time: 00:01:09

Health: 0/18       AC:  4    Str: 17    XL:     1   Next: 83%
Magic:  1/1        EV:  9    Int: 10    God:
Gold:   37         SH:  0    Dex: 11    Spells: 0/0 levels left

rFire   . . .        a - +0 mace
rCold   . . .        (no shield)
rNeg    . . .        b - +0 leather armour
rPois   .            (no helmet)
rElec   .            (no cloak)
rCorr   .            (no gloves)
SInv    .            (no barding)
Will    .....        (no amulet)
Stlth   +++          (no ring)
HPRegen 0.23/turn    (no ring)
MPRegen 1.72/turn

%: roll
@: lethally poisoned (0 -> -5)
A: large, deformed body, tough skin 3, armoured tail, roll 1
a: no special abilities


You were on level 2 of the Dungeon.
You visited 1 branch of the dungeon, and saw 4 of its levels.

You collected 37 gold pieces.

Inventory:

Hand Weapons
 a - a +0 mace (weapon)
Armour
 b - a +0 leather armour (worn)
Wands
 g - a wand of digging (3)
 i - a wand of charming (9)
Scrolls
 c - a scroll of fog
 d - a scroll of revelation
 e - a scroll of fear
 h - a scroll of identify {unknown}
Potions
 f - 2 potions of haste


   Skills:
 - Level 2.8 Fighting
 * Level 1.9 Maces & Flails
 - Level 1.5 Dodging
 - Level 5.5 Stealth


You couldn't memorise any spells.
You didn't know any spells.
Your spell library was empty.

Dungeon Overview and Level Annotations

Branches:
Dungeon (5/15)
 Temple: D:4-7

Altars:
Zin


Innate Abilities, Weirdness & Mutations

Armour fits poorly on your strangely shaped body.
You have extremely tough skin. (AC +3)
You have a long armoured tail.
You regenerate magic when rolling toward enemies. (Rampage MPRegen)


Message History

You tail-slap the bat, but do no damage.
The bat closely misses you. The bat hits you.
You hit the dart slug but do no damage. The bat hits you.
The bat hits you but does no damage. The dart slug barely misses you.
You hit the dart slug.
The dart slug is lightly wounded.
The bat misses you. The dart slug barely misses you.
You hit the dart slug. You tail-slap the dart slug!
You kill the dart slug!
The bat hits you. The bat barely misses you.
The bat hits you but does no damage.
You hit the bat but do no damage. You tail-slap the bat.
You kill the bat!
No target in view!
You start resting.
HP restored.
An adder comes into view.
You roll towards the adder!
You roll towards the adder!
You roll towards the adder!
The helpless adder fails to defend itself.
You thump the adder!
Your tail-slap misses the adder.
The adder is severely wounded.
The adder bites you. x2
You barely miss the adder.
The adder is severely wounded.
The adder bites you.
You are poisoned.
The adder poisons you! The adder bites you.
You barely miss the adder.
The adder is severely wounded.
You feel sick. The adder bites you.
You are lethally poisoned!
The adder poisons you!
You closely miss the adder.
The adder is severely wounded.
* * * LOW HITPOINT WARNING * * *
You feel very sick. The adder closely misses you. The adder bites you.
You die...

#+# #.# #.#
#.# #S# ##
#@# ... #.#
. #.# #.#
###########
#.#
#..........
#.#
#.#########
#.# #.# #.#
#.# #.# #.#


You could see an adder.

Vanquished Creatures
  A dart slug (D:2)
  An orc (D:5)
  A bat (D:2)
  A kobold (D:2)
4 creatures vanquished.

Notes
Turn   | Place    | Note
-------+----------+-------------------------------------------
     0 | D:5      | Laraso the Armataur Delver began the quest for the Orb.
     0 | D:5      | Reached XP level 1. HP: 18/18 MP: 1/1
     3 | D:5      | Noticed a scorpion
     5 | D:5      | Noticed a scorpion
    26 | D:5      | Noticed a bombardier beetle
   154 | D:3      | Found a glowing silver altar of Zin.
   276 | D:2      | Slain by an adder

Illustrated notes

Levels and vault maps discovered:
D:2:      layout_basic
D:3:      layout_loops_ring, nicolae_overflow_hidden_temple,
          nicolae_elyvilon_temple_path, dreamdust_ecumenical_altar_grove,
          serial_park_tiny_1, uniq_jessica, uniq_sigmund, uniq_robin
D:4:      layout_layer_cave, gammafunk_ghost_cemetery, serial_shops, shop,
          minmay_misc_feat_five
D:5:      layout_basic, minmay_overflow_temple_star_quad, uniq_blork_the_orc

Action                     || total
---------------------------++-------
  Melee: Mace              ||    15
         Tailslap          ||     3
   Stab: Sleeping          ||     1
 Armour: Leather armour    ||    19
  Dodge: Dodged            ||    10

Table legend: (Time is in decaauts)
 A = Elapsed time spent in this place.
 B = Non-inter-level travel time spent in this place.
 C = Inter-level travel time spent in this place.
 D = Time resting spent in this place.
 E = Time spent auto-exploring this place.
 F = Levels seen in this place.
 G = Mean time per level.
                   A        B        C        D        E       F      G
               +--------+--------+--------+--------+--------+-----+--------+
         Total |    279 |    279 |      0 |     28 |      0 |   4 |   69.8 |
       Dungeon |    279 |    279 |      0 |     28 |      0 |   4 |   69.8 |
               +--------+--------+--------+--------+--------+-----+--------+

Top non-repeatable levels by time:
     D:5: 141 daAuts
     D:2: 110 daAuts
     D:3: 17 daAuts
     D:4: 9 daAuts
